 Dungeon Crawl Stone Soup version 0.25-a0-62-g88673ef095 (webtiles) character file.

Game seed: 14321111160639041916, levelgen mode: deterministic

26 D1HalberdGnoll the Skirmisher (level 2, 0/26 HPs)
             Began as a Draconian Chaos Knight on Oct 30, 2019.
             Was a Plaything of Xom.
             Slain by a worm (7 damage)
             ... on level 1 of the Dungeon.
             The game lasted 00:00:49 (1142 turns).

D1HalberdGnoll the Skirmisher (DrCK)                Turns: 1142, Time: 00:00:50

Health: 0/26       AC:  4    Str: 14    XL:     2   Next: 89%
Magic:  2/2        EV: 12    Int: 12    God:    Xom [.....*]
Gold:   58         SH:  0    Dex: 10    Spells: 1/1 levels left

rFire    . . .     SeeInvis .   a - +0 hand axe (chaos)
rCold    . . .     Gourm    .   (no shield)
rNeg     . . .     Faith    .   (armour unavailable)
rPois    .         Spirit   .   (helmet restricted)
rElec    .         Reflect  .   (no cloak)
rCorr    .         Harm     .   (no gloves)
MR       .....                  (no boots)
Stlth    +.........             (no amulet)
HPRegen  0.08/turn              (no ring)
MPRegen  0.08/turn              (no ring)

@: no status effects
A: unfitting armour, cold-blooded, AC +4
a: Renounce Religion


You were on level 1 of the Dungeon.
You worshipped Xom.
You were Xom's teddy bear.
You were hungry.

You visited 1 branch of the dungeon, and saw 2 of its levels.

You collected 58 gold pieces.

Inventory:

Hand Weapons
 a - a +0 hand axe of chaos (weapon)
Scrolls
 c - a scroll of amnesia {unknown}
 d - 2 scrolls of identify {unknown}
 e - a scroll of teleportation {unknown}
 h - 2 scrolls of random uselessness {unknown}
 m - a scroll of remove curse {unknown}
Potions
 f - a potion of might {unknown}
 g - a potion of berserk rage {unknown}
 i - a potion of agility {unknown}
 j - a potion of brilliance {unknown}
 k - a potion of lignification {unknown}
 l - a potion of flight {unknown}
Comestibles
 b - 2 rations


   Skills:
 + Level 3.6 Fighting
 * Level 3.6 Axes
 + Level 2.4 Dodging


You had one spell level left.
You didn't know any spells.
Your spell library was empty.

Dungeon Overview and Level Annotations

Branches:
Dungeon (2/15)

Altars:
Xom


Innate Abilities, Weirdness & Mutations

Your plain brown scales are hard. (AC +4)
You cannot fit into any form of body armour.
You are cold-blooded and may be slowed by cold attacks.


Message History

The kobold closely misses you.
You hit the kobold. You burn the kobold.
You kill the kobold!
You see here a +0 whip.
You start resting.
You are feeling hungry.
There is a stone staircase leading down here.
You start resting.
HP restored.
You climb downwards.
The worm bites you!
The goblin zaps a wand.
The puff of flame hits you.
There is a stone staircase leading up here.
The worm bites you!
* * * LOW HITPOINT WARNING * * *
You climb upwards.
There is a stone staircase leading down here.
You hit the worm.
The worm is blasted with air!
The worm is moderately wounded.
The worm bites you!
You die...

....##............#
....##............#
..................#
....##............#
....##............#
..................#
..#.##............#
..#..####'#########
)..............w@#
........#.########
..#...)........#
............##.#
......#.#.#.##'#########
#.#...#.#.#.#..........#
#.#...#.#.#.#..........#
#..#.##.#.#.#..........#
.....##.#.#.#..........#


You could see a worm.

Vanquished Creatures
  A leopard gecko (D:1)
  5 bats (D:1)
  A giant cockroach (D:1)
  4 goblins (D:1)
  2 hobgoblins (D:1)
  7 kobolds
  A frilled lizard (D:1)
  3 rats (D:1)
24 creatures vanquished.

Notes
Turn   | Place    | Note
-------+----------+-------------------------------------------
     0 | D:1      | D1HalberdGnoll the Draconian Chaos Knight began the quest
                  | for the Orb.
     0 | D:1      | Reached XP level 1. HP: 19/19 MP: 1/1
    55 | D:1      | Reached XP level 2. HP: 23/26 MP: 2/2
   299 | D:1      | XOM: harmless Necr miscast
   629 | D:1      | XOM: harmless Tloc miscast
   721 | D:1      | XOM: scenery: create altars
  1142 | D:1      | Slain by a worm

Levels and vault maps discovered:
D:1:      dpeg_arrival_lava_temple_mockup, layout_basic
D:2:      layout_rooms, grunt_dithmenos_smoke_and_mirrors

Action                   || total
-------------------------++-------
Melee: Hand axe          ||    70
       Tailslap          ||     2
Armor: Skin              ||    16
Dodge: Dodged            ||    41

Table legend:
 A = Non-vault XP
 B = Vault XP
 C = Vault XP percentage of total XP
 D = Non-vault monster count
 E = Vault monster count
 F = Vault count percentage of total count
                 A         B        C        D         E       F
            +---------+---------+-------+---------+---------+-------
      Total |      38 |       0 |   0.0 |      24 |       0 |   0.0
            +---------+---------+-------+---------+---------+-------
        D:1 |      37 |       0 |   0.0 |      23 |       0 |   0.0
        D:2 |       1 |       0 |   0.0 |       1 |       0 |   0.0
            +---------+---------+-------+---------+---------+-------
